 Dungeon Crawl Stone Soup version 0.30-a0-777-ga9a30cbeda (webtiles) character file.

Game seed: 753704846398863628

340 bande the Chopper (level 6, -20/39 HPs)
             Began as a Gargoyle Fighter on Feb 14, 2023.
             Demolished by an ogre
             ... wielding a +0 giant club
              (27 damage)
             ... on level 5 of the Dungeon.
             The game lasted 00:04:09 (2786 turns).

bande the Chopper (Gargoyle Fighter)                Turns: 2786, Time: 00:04:10

Health: -20/39     AC: 11    Str: 19    XL:     6   Next: 56%
Magic:  6/6        EV:  9    Int:  9    God:
Gold:   139        SH:  4    Dex: 11    Spells: 5/5 levels left

rFire   . . .      SeeInvis .    a - +0 war axe
rCold   . . .      Faith    .    c - +0 buckler
rNeg    + . .      Spirit   .    b - +0 scale mail
rPois   ∞          Reflect  .    (no helmet)
rElec   +          Harm     .    (no cloak)
rCorr   .          Rampage  .    (no gloves)
Will    +....                    (no boots) Stlth
                                 (no amulet)
HPRegen 0.26/turn                p - ring of willpower
MPRegen 0.10/turn                (no ring)

@: no status effects
A: sickness immunity, AC +4, negative energy resistance 1, electricity
resistance, torment resistance 1, petrification resistance
a: no special abilities


You were on level 5 of the Dungeon.
You visited 1 branch of the dungeon, and saw 5 of its levels.

You collected 139 gold pieces.

Inventory:

Hand Weapons
 a - a +0 war axe (weapon)
 s - a +0 war axe
Armour
 b - a +0 scale mail (worn)
 c - a +0 buckler (worn)
Jewellery
 p - a ring of willpower (left hand)
Wands
 x - a wand of mindburst (17)
Scrolls
 f - 2 scrolls of brand weapon {unknown}
 g - a scroll of enchant weapon {unknown}
 i - 3 scrolls of vulnerability {unknown}
 k - 2 scrolls of poison {unknown}
 l - 2 scrolls of teleportation {unknown}
 n - 3 scrolls of noise {unknown}
 o - 2 scrolls of identify {unknown}
 t - a scroll of torment {unknown}
 v - a scroll of fear {unknown}
Potions
 d - a potion of might
 e - 2 potions of curing {unknown}
 h - a potion of magic {unknown}
 j - 2 potions of degeneration {unknown}
 m - a potion of mutation {unknown}
 q - 3 potions of heal wounds {unknown}
 r - a potion of resistance {unknown}
 u - 2 potions of attraction {unknown}
 w - a potion of flight {unknown}


   Skills:
 + Level 4.4 Fighting
 + Level 4.5 Axes
 + Level 4.5 Armour
 + Level 4.0 Shields


You had 5 spell levels left.
You didn't know any spells.
Your spell library was empty.

Dungeon Overview and Level Annotations

Branches:
Dungeon (5/15)
 Temple: D:4-7

Altars:


Innate Abilities, Weirdness & Mutations

You are immune to sickness and miasma.
Your stone body is resilient. (AC +4)
You are immune to poison.
You resist negative energy. (rN+)
You are resistant to electric shocks. (rElec)
You are resistant to unholy torment.
You are immune to petrification.


Message History

No target in view!
No target in view!
No target in view!
No target in view!
Done exploring.
Done exploring.
No target in view!
No target in view!
No target in view!
Done exploring.
Done exploring.
There is a stone staircase leading down here.
You climb downwards.
There is a stone staircase leading up here.
You barely miss the ogre.
The ogre hits you with a +0 giant club!!
Ouch! That really hurt!
You hit the ogre.
The ogre is lightly wounded.
The ogre barely misses you.
You slash the ogre!
The ogre is heavily wounded.
You hit the ogre but do no damage.
The ogre is heavily wounded.
The ogre closely misses you.
You hit the ogre.
The ogre is severely wounded.
The ogre hits you with a +0 giant club!
* * * LOW HITPOINT WARNING * * *
You barely miss the ogre.
The ogre is severely wounded.
The ogre barely misses you.
You barely miss the ogre.
The ogre is severely wounded.
The ogre closely misses you.
You slash the ogre!
The ogre is almost dead.
The ogre hits you with a +0 giant club!!
Ouch! That really hurt!
You die...

############
#..........#
#..........#
#...O@.....#
#..........#
#########....
... .


You could see an ogre.

Vanquished Creatures
  A phantom (D:4)
  A howler monkey (D:4)
  An orc priest (D:3)
  3 orc wizards
  A gnoll (D:2)
  3 adders
  A worm (D:3)
  2 dart slugs
  5 orcs
  5 ball pythons
  5 bats
  4 endoplasms
  2 giant cockroaches (D:1)
  5 goblins
  6 hobgoblins
  7 jackals (D:2)
  10 kobolds
  5 quokkas
  2 frilled lizards
  7 rats
76 creatures vanquished.

Notes
Turn   | Place    | Note
-------+----------+-------------------------------------------
     0 | D:1      | bande the Gargoyle Fighter began the quest for the Orb.
     0 | D:1      | Reached XP level 1. HP: 14/14 MP: 1/1
   118 | D:1      | Reached XP level 2. HP: 19/19 MP: 2/2
   453 | D:1      | Reached XP level 3. HP: 24/24 MP: 3/3
   726 | D:2      | Reached XP level 4. HP: 29/29 MP: 4/4
  1411 | D:3      | Reached XP level 5. HP: 26/33 MP: 5/5
  1917 | D:4      | Noticed a phantom
  1934 | D:4      | Killed a phantom
  1935 | D:4      | Reached XP level 6. HP: 27/39 MP: 6/6
  2778 | D:5      | Entered Level 5 of the Dungeon
  2786 | D:5      | Demolished by an ogre

Illustrated notes

Levels and vault maps discovered:
D:1:      dpeg_arrival_renting, layout_rooms
D:2:      layout_rooms, minmay_cut_off
D:3:      layout_loops_ring, patterned_corridor
D:4:      layout_cave_pools
D:5:      layout_gridville, grunt_gozag_statues, uniq_crazy_yiuf_cottage

Skill      XL: |  1  2  3  4  5  6 |
---------------+-------------------+-----
Axes           | 2 3 4 |  4.5
Armour         | 4 |  4.5
Fighting       | 4 |  4.4
Shields        | 4 |  4.0

Action                     |  1- 3 |  4- 6 || total
---------------------------+-------+-------++-------
  Melee: War axe           |   115 |   162 ||   277
 Armour: Scale mail        |    78 |    98 ||   176
  Dodge: Dodged            |    52 |    81 ||   133
  Block: Buckler           |    14 |    34 ||    48

Table legend: (Time is in decaauts)
 A = Elapsed time spent in this place.
 B = Non-inter-level travel time spent in this place.
 C = Inter-level travel time spent in this place.
 D = Time resting spent in this place.
 E = Time spent auto-exploring this place.
 F = Levels seen in this place.
 G = Mean time per level.
                   A        B        C        D        E       F      G
               +--------+--------+--------+--------+--------+-----+--------+
         Total |   2893 |   2877 |     16 |    321 |   1805 |   5 |  578.6 |
       Dungeon |   2893 |   2877 |     16 |    321 |   1805 |   5 |  578.6 |
               +--------+--------+--------+--------+--------+-----+--------+

Top non-repeatable levels by time:
     D:3: 1110 daAuts
     D:1: 631 daAuts
     D:2: 602 daAuts
     D:4: 539 daAuts
     D:5: 9 daAuts
